 Dungeon Crawl Stone Soup version 0.30.1-4-g462c640d31 (webtiles) character file.

Game seed: 16010192211970416841

335 Demigod47 the Chopper (level 6, -1/53 HPs)
             Began as a Minotaur Fighter on Aug 22, 2023.
             Succumbed to an orc priest's poison
             ... on level 3 of the Dungeon.
             The game lasted 00:04:07 (2053 turns).

Demigod47 the Chopper (Minotaur Fighter)            Turns: 2053, Time: 00:04:08

Health: -1/53      AC:  9    Str: 23    XL:     6   Next: 28%
Magic:  5/5        EV:  8    Int:  5    God:
Gold:   139        SH:  4    Dex:  9    Spells: 5/5 levels left

rFire   . . .        a - +0 war axe
rCold   . . .        c - +0 buckler
rNeg    . . .        i - +0 chain mail
rPois   .            (helmet restricted)
rElec   .            (no cloak)
rCorr   .            (no gloves)
SInv    .            (no boots)
Will    .....        (no amulet) Stlth
                     (no ring)
HPRegen 0.28/turn    (no ring)
MPRegen 0.09/turn

%: no passive effects
@: lethally poisoned (-1 -> -17), attractive, invisible
A: horns 2, retaliatory headbutt
a: no special abilities


You were on level 3 of the Dungeon.
You visited 1 branch of the dungeon, and saw 3 of its levels.

You collected 139 gold pieces.

Inventory:

Hand Weapons
 a - a +0 war axe (weapon)
Armour
 c - a +0 buckler (worn)
 i - a +0 chain mail (worn)
Jewellery
 b - a ring of wizardry
 f - a +4 ring of protection
 h - a +5 ring of evasion
Scrolls
 e - a scroll of teleportation {unknown}
 g - 2 scrolls of identify {unknown}
 l - a scroll of magic mapping {unknown}
 m - a scroll of enchant weapon {unknown}
Potions
 d - a potion of might


   Skills:
 + Level 4.7 Fighting
 + Level 5.7 Axes
 + Level 5.2 Armour
 + Level 1.3 Dodging
 + Level 4.1 Shields


You had 5 spell levels left.
You didn't know any spells.
Your spell library contained the following spells:

 Spells                   Type           Power      Damage    Failure   Level
 Sandblast                Erth           0%         2d4       98%         1
 Passwall                 Tmut/Erth      0%         N/A       99%         2
 Hailstorm                Conj/Ice       0%         3d3       100%        3
 Stone Arrow              Conj/Erth      0%         3d7       100%        3
 Ice Form                 Ice/Tmut       0%         N/A       100%        4
 Simulacrum               Ice/Necr       0%         N/A       100%        6


Dungeon Overview and Level Annotations

Branches:
Dungeon (3/15)

Altars:
Qazlal


Innate Abilities, Weirdness & Mutations

You have a pair of horns on your head.
You reflexively headbutt those who attack you in melee.


Message History

You kill the orc!
You hit the orc.
You feel sick.
You barely miss the orc.
The orc is moderately wounded.
You closely miss the orc priest.
You feel sick.
You are no longer poisoned.
The orc hits you but does no damage.
The orc priest hits you with a +0 whip of venom.
* * * LOW HITPOINT WARNING * * *
The orc hits you but does no damage.
The orc priest hits you but does no damage.
You are poisoned.
It was a potion of attraction.
You feel attractive to monsters.
You feel very sick. You block the orc's attack.
The orc priest hits you but does no damage.
You are lethally poisoned!
It was a potion of invisibility.
You fade into invisibility!
* * * LOW HITPOINT WARNING * * *
You feel very sick. The orc barely misses you. You furiously retaliate!
You headbutt the orc.
The orc priest hits you with a +0 whip of venom.
* * * LOW HITPOINT WARNING * * *
You are more poisoned.
Welcome back, Demigod47 the Minotaur Fighter.
Press ? for a list of commands and other information.
As you read the scroll labelled GUONAMI JIAZY, it crumbles to dust.
You hear a loud clanging noise!
It was a scroll of noise.
* * * LOW HITPOINT WARNING * * *
You feel very sick.
You hear an angry hiss.
The orc hits you but does no damage. You block the orc priest's attack.
Blink to where?
Press: ? - help, Dir - move target
As you read the scroll labelled TUUCLEUPSI, it crumbles to dust.
It was a scroll of blinking.
You die...

. .). .. #. #.##...#
##.####.##...# ....(...##...#
..................###
.##.#.#................
...............##...# ..#.#
..............†@....###..... ##
................).......... ...
.##.....######..#...###..####.#
..............................
.......!.?.....##...##......#
.#..#...#.##...##...........+
#...#.##ooo.............# ##
#........#§##..###......# #.
#...#.#######..# #......# #.


You could see an orc priest (unable to see you) and 2 orcs.

Vanquished Creatures
  Sigmund (D:2)
  Natasha (thrice) (D:2)
  4 adders
  A worm (D:2)
  2 orcs (D:3)
  7 ball pythons
  5 bats
  5 endoplasms
  4 giant cockroaches (D:1)
  3 goblins
  2 hobgoblins (D:2)
  4 jackals (D:2)
  6 kobolds
  A quokka (D:1)
  2 frilled lizards
  7 rats
57 creatures vanquished.

Notes
Turn   | Place    | Note
-------+----------+-------------------------------------------
     0 | D:1      | Demigod47 the Minotaur Fighter began the quest for the Orb.
     0 | D:1      | Reached XP level 1. HP: 19/19 MP: 0/0
   129 | D:1      | Reached XP level 2. HP: 27/27 MP: 1/1
   850 | D:2      | Reached XP level 3. HP: 33/33 MP: 2/2
  1040 | D:2      | Noticed Natasha
  1047 | D:2      | Killed Natasha
  1048 | D:2      | Reached XP level 4. HP: 40/40 MP: 3/3
  1153 | D:2      | Found a stormy altar of Qazlal.
  1332 | D:2      | Noticed Sigmund
  1350 | D:2      | Killed Sigmund
  1351 | D:2      | Reached skill level 5 in Axes
  1351 | D:2      | Reached skill level 5 in Armour
  1351 | D:2      | Reached skill level 1 in Dodging
  1351 | D:2      | Reached XP level 5. HP: 27/47 MP: 4/4
  1476 | D:2      | Noticed Natasha
  1481 | D:2      | Killed Natasha
  1482 | D:2      | Reached XP level 6. HP: 52/53 MP: 5/5
  1491 | D:2      | Noticed Natasha
  1504 | D:2      | Killed Natasha
  2052 | D:3      | HP: 2/53 [poisoned by an orc priest]
  2053 | D:3      | Succumbed to an orc priest's poison

Illustrated notes

Levels and vault maps discovered:
D:1:      dpeg_arrival_snail, layout_loops_ring
D:2:      layout_basic, basic_altar, uniq_sigmund, uniq_natasha
D:3:      layout_basic, fiery_altar_vehumet,
          mainiacjoe_overflow_surrounded_room, due_unseen_surprise

Skill      XL: |  1  2  3  4 |
---------------+-------------+-----
Fighting       | 4 |  4.7
Armour         | 4 5 |  5.2
Axes           | 3 4 5 |  5.7
Shields        | 4 |  4.1
Dodging        | 1 |  1.3

Action                     |  1- 3 |  4- 6 || total
---------------------------+-------+-------++-------
  Melee: War axe           |    56 |    66 ||   122
         Headbutt          |     7 |     3 ||    10
    Use: Scroll            |       |     2 ||     2
         Potion            |       |     2 ||     2
 Armour: Scale mail        |    11 |       ||    11
         Chain mail        |    18 |    56 ||    74
  Dodge: Dodged            |    35 |    28 ||    63
  Block: Buckler           |    15 |    21 ||    36
